[Event "Moscow-chW 2019"]
[Site "Moscow"]
[Date "2019.03.30"]
[Round "1.14"]
[White "Shevtsova, Stefania"]
[Black "Kirchei, Viktoriia"]
[Result "0-1"]
[ECO "A00"]
[WhiteElo "1684"]
[BlackElo "2086"]
[Annotator "NA RC"]
[PlyCount "70"]
[EventDate "2019.03.30"]
[EventType "swiss"]
[EventCountry "RUS"]
[SourceTitle "playchess.com"]
[Source "ChessBase"]
[SourceQuality "1"]
[TimeControl "5400+30"]

1. e4 c5 2. c3 Nf6 3. e5 Nd5 4. Bc4 Nb6 5. Bb3 d5 6. exd6 Qxd6 7. Na3 a6 8. Nf3 Nc6 9. d3 Bf5 10. Bc2 Rd8 11. Be3 e5 12. d4 cxd4 13. Bxf5 dxe3 14. fxe3 Qxd1+ 15. Rxd1 Rxd1+ 16. Kxd1 Bxa3 17. bxa3 Nc4 18. Ke2 Nxa3 19. Bc8 Na5 20. Nxe5 Ke7 21. Bg4 f6 22. Nf3 g6 23. Rd1 f5 24. Bh3 Nb5 25. Rd3 Rc8 26. Kd2 Nc4+ 27. Kc2 Nbd6 28. g4 Rc5 29. gxf5 gxf5 30. Nd2 Ne5 31. Rd4 Nb5 32. Rh4 Rxc3+ 33. Kd1 Kf6 34. e4 Rd3 35. Kc2 Rxd2+ 0-1

[Event "Moscow-chW 2019"]
[Site "Moscow"]
[Date "2019.03.30"]
[Round "1.15"]
[White "Afanasieva, Alexandra"]
[Black "Gaer, Margarita"]
[Result "1-0"]
[ECO "A00"]
[WhiteElo "2093"]
[BlackElo "1627"]
[Annotator "NA RC"]
[PlyCount "77"]
[EventDate "2019.03.30"]
[EventType "swiss"]
[EventCountry "RUS"]
[SourceTitle "playchess.com"]
[Source "ChessBase"]
[SourceQuality "1"]
[TimeControl "5400+30"]

1. e4 e6 2. d4 d5 3. Nc3 Nf6 4. Bg5 Be7 5. e5 Nfd7 6. h4 h6 7. Bxe7 Qxe7 8. Qd2 a6 9. f4 c5 10. dxc5 Nxc5 11. Nf3 Nc6 12. O-O-O b5 13. Bd3 Bb7 14. Kb1 O-O-O 15. Ne2 Qc7 16. Ned4 Qb6 17. Nxc6 Bxc6 18. Qe3 Nd7 19. Nd4 Kb8 20. Rh3 Rc8 21. h5 Bb7 22. Rg3 Rcg8 23. Rf1 f5 24. c3 Bc8 25. Bc2 Kb7 26. Qd2 Nf8 27. Bb3 g6 28. hxg6 Rxg6 29. Rxg6 Nxg6 30. g4 Re8 31. gxf5 exf5 32. Qg2 Ne7 33. Qg7 Qc5 34. Qxh6 Rg8 35. Bc2 Kb8 36. Qh7 Rf8 37. Qxe7 Qxe7 38. Nc6+ Kc7 39. Nxe7 1-0

[Event "Moscow-chW 2019"]
[Site "Moscow"]
[Date "2019.03.30"]
[Round "1.16"]
[White "Todua, Anastasia"]
[Black "Miroshnik, Ekaterina"]
[Result "0-1"]
[ECO "A00"]
[WhiteElo "1610"]
[BlackElo "2039"]
[Annotator "NA RC"]
[PlyCount "114"]
[EventDate "2019.03.30"]
[EventType "swiss"]
[EventCountry "RUS"]
[SourceTitle "playchess.com"]
[Source "ChessBase"]
[SourceQuality "1"]
[TimeControl "5400+30"]

1. e4 e6 2. d4 d5 3. exd5 exd5 4. Nf3 Nc6 5. Be2 Bd6 6. O-O Nge7 7. Bg5 O-O 8. Nc3 f6 9. Be3 a6 10. a4 Be6 11. Qd2 Nf5 12. Bf4 Bb4 13. Rfe1 Bf7 14. Rad1 Nd6 15. Bxd6 Bxd6 16. Na2 Ne7 17. Nc1 c6 18. Bd3 Qc7 19. h3 Ng6 20. Ne2 Rfe8 21. c3 Re7 22. Qc2 Rae8 23. b4 a5 24. bxa5 Qxa5 25. Ng3 Rxe1+ 26. Rxe1 Ra8 27. Nf5 Bf8 28. Qb3 Ra7 29. Bc2 b6 30. Re3 Nf4 31. Qb1 c5 32. N5h4 g6 33. g3 Nh5 34. Nh2 Rc7 35. Ng4 cxd4 36. cxd4 Qd2 37. Qxb6 Rxc2 38. Nf3 Qc1+ 39. Re1 Qa3 40. Nxf6+ Nxf6 41. Qxf6 Qxa4 42. Ng5 Rc7 43. Re3 Qc6 44. Qf4 Qd6 45. Qh4 h6 46. Nf3 Kg7 47. Ne5 Qf6 48. Qg4 h5 49. Qe2 Bd6 50. Rf3 Qe6 51. Kg2 Bxe5 52. dxe5 Re7 53. Re3 d4 54. Re4 Qd5 55. Kh2 d3 56. Qe3 d2 57. Rd4 d1=Q 0-1

[Event "Moscow-chW 2019"]
[Site "Moscow"]
[Date "2019.03.30"]
[Round "1.17"]
[White "Kasaeva, Sofiia"]
[Black "Komarova, Viktoria"]
[Result "1-0"]
[ECO "A00"]
[WhiteElo "1960"]
[BlackElo "1567"]
[Annotator "NA RC"]
[PlyCount "89"]
[EventDate "2019.03.30"]
[EventType "swiss"]
[EventCountry "RUS"]
[SourceTitle "playchess.com"]
[Source "ChessBase"]
[SourceQuality "1"]
[TimeControl "5400+30"]

1. e4 c5 2. Nf3 d6 3. d4 cxd4 4. Nxd4 Nf6 5. Nc3 Nc6 6. Bg5 Bd7 7. Qd2 Rc8 8. f4 Qb6 9. Nb3 Be6 10. O-O-O Ng4 11. f5 Bxb3 12. axb3 Qa5 13. Kb1 g6 14. h3 Nge5 15. f6 e6 16. Bh6 Bxh6 17. Qxh6 a6 18. Rxd6 Qc5 19. Rd2 Rd8 20. Rxd8+ Kxd8 21. Be2 Qf8 22. Qe3 Qb4 23. Rd1+ Kc7 24. Qh6 Qf8 25. Qf4 h6 26. Nd5+ Kb8 27. Ne7 Ka8 28. b4 Qb8 29. b5 Nxe7 30. fxe7 Re8 31. Rd8 Rxd8 32. exd8=Q Qxd8 33. Qxe5 Qd2 34. b6 Qd8 35. Qc7 Qb8 36. Qxf7 a5 37. Qxe6 Qd8 38. Bd3 Kb8 39. Qxg6 Qf8 40. e5 a4 41. e6 Kc8 42. Qf7 Qd8 43. e7 a3 44. Bf5+ Qd7 45. Qe8# 1-0

[Event "Moscow-chW 2019"]
[Site "Moscow"]
[Date "2019.03.30"]
[Round "1.18"]
[White "Putinceva, Marina"]
[Black "Danilova, Rada"]
[Result "1-0"]
[ECO "A00"]
[WhiteElo "1519"]
[BlackElo "1930"]
[Annotator "NA RC"]
[PlyCount "167"]
[EventDate "2019.03.30"]
[EventType "swiss"]
[EventCountry "RUS"]
[SourceTitle "playchess.com"]
[Source "ChessBase"]
[SourceQuality "1"]
[TimeControl "5400+30"]

1. e4 c5 2. Nf3 Nc6 3. d4 cxd4 4. Nxd4 e5 5. Nf5 d6 6. Ne3 Nf6 7. Nc3 Be7 8. Bc4 Be6 9. Ned5 Bxd5 10. Bxd5 O-O 11. O-O Qd7 12. f3 Nd4 13. a4 Bd8 14. Kh1 Ba5 15. Bg5 Ne8 16. Ne2 Ne6 17. Bh4 Rc8 18. c3 Bd8 19. Bxd8 Rxd8 20. Ng3 Nf4 21. Nf5 Kh8 22. Ne3 Nf6 23. Kg1 Qc7 24. Kh1 Qc5 25. Re1 b6 26. Qd2 N6xd5 27. Nxd5 Nxd5 28. Qxd5 Qf2 29. Qb3 f5 30. Rf1 Qh4 31. Qd5 Rf6 32. Rad1 Rh6 33. h3 Rf8 34. exf5 Qxa4 35. Ra1 Qd7 36. Rfe1 Qe7 37. f4 Rxf5 38. fxe5 Rf8 39. exd6 Qxd6 40. Qxd6 Rxd6 41. Rxa7 Rd2 42. Ree7 Rg8 43. b4 Rd6 44. Rec7 h6 45. Ra6 Re8 46. Rb7 Rc6 47. Raxb6 Re1+ 48. Kh2 Rxc3 49. Rg6 Rcc1 50. Rgxg7 Rh1+ 51. Kg3 Rc3+ 52. Kh4 Rd1 53. Rh7+ Kg8 54. Rhg7+ Kh8 55. Rg4 Rd5 56. Re4 Rc8 57. b5 Rd2 58. Rg4 Rb2 59. Rb6 Kh7 60. Rb7+ Kh8 61. b6 Rb5 62. Rg6 h5 63. Rg5 Rb4+ 64. Kxh5 Rb2 65. Rg4 Rc5+ 66. Kh4 Rbb5 67. Rd4 Rh5+ 68. Kg3 Rhg5+ 69. Kh2 Rb2 70. Rd8+ Rg8 71. Rxg8+ Kxg8 72. Rb8+ Kg7 73. b7 Rb3 74. h4 Kh7 75. g3 Kg7 76. Kh3 Rb4 77. h5 Kh7 78. g4 Rb3+ 79. Kh4 Rb5 80. h6 Rb1 81. g5 Rh1+ 82. Kg4 Rg1+ 83. Kf3 Rxg5 84. Rf8 1-0

[Event "Moscow-chW 2019"]
[Site "Moscow"]
[Date "2019.03.30"]
[Round "1.19"]
[White "Zaitseva, Lyudmila"]
[Black "Soblirova, Sabina"]
[Result "1-0"]
[ECO "A00"]
[WhiteElo "1926"]
[BlackElo "1516"]
[Annotator "NA RC"]
[PlyCount "69"]
[EventDate "2019.03.30"]
[EventType "swiss"]
[EventCountry "RUS"]
[SourceTitle "playchess.com"]
[Source "ChessBase"]
[SourceQuality "1"]
[TimeControl "5400+30"]

1. d4 Nf6 2. c4 c5 3. Nf3 g6 4. Nc3 Bg7 5. g3 cxd4 6. Nxd4 Nc6 7. Bg2 Qb6 8. Nb3 O-O 9. c5 Qa6 10. O-O Na5 11. Bf4 Nc4 12. Nd2 d5 13. Nxc4 dxc4 14. b4 Qa3 15. Nb5 Qxb4 16. Nc7 Nh5 17. Rb1 Qxc5 18. Rb5 Qa3 19. Nxa8 Nxf4 20. gxf4 Bh3 21. Nc7 Bxg2 22. Kxg2 Rc8 23. Rxb7 c3 24. Qd7 Rf8 25. Nd5 e6 26. Rxa7 Qb2 27. Ne3 Qxe2 28. a4 e5 29. fxe5 Bxe5 30. Qb5 Qh5 31. f4 Rd8 32. Qxe5 Rd2+ 33. Rf2 Rxf2+ 34. Kxf2 Qxh2+ 35. Ng2 1-0

[Event "Moscow-chW 2019"]
[Site "Moscow"]
[Date "2019.03.30"]
[Round "1.20"]
[White "Eremina, Viktoria"]
[Black "Strukova, Ksenia"]
[Result "0-1"]
[ECO "A00"]
[WhiteElo "1426"]
[BlackElo "1919"]
[Annotator "NA RC"]
[PlyCount "98"]
[EventDate "2019.03.30"]
[EventType "swiss"]
[EventCountry "RUS"]
[SourceTitle "playchess.com"]
[Source "ChessBase"]
[SourceQuality "1"]
[TimeControl "5400+30"]

1. d4 Nf6 2. Nf3 g6 3. Nc3 d5 4. Bf4 Bg7 5. e3 O-O 6. Be2 a6 7. h3 Nbd7 8. O-O c5 9. dxc5 Nxc5 10. Nd4 Re8 11. Bh2 b5 12. Nc6 Qb6 13. Ne5 Bb7 14. Bf3 Rad8 15. Ne2 Nfd7 16. Nxd7 Rxd7 17. c3 e5 18. Nc1 d4 19. Bxb7 dxc3 20. Qc2 cxb2 21. Rb1 bxc1=Q 22. Rfxc1 Nxb7 23. a4 b4 24. Qc4 a5 25. Qg4 Red8 26. Bg3 Nc5 27. Qc4 Nxa4 28. Bh4 Bf6 29. Bg3 Nc3 30. Rb2 Qe6 31. Qxe6 fxe6 32. Ra1 Rd1+ 33. Rxd1 Rxd1+ 34. Kh2 Rb1 35. Rd2 b3 36. Rd6 b2 37. Rb6 a4 38. Rb8+ Kf7 39. Rb7+ Ke8 40. Rb8+ Kd7 41. Rb7+ Kc6 42. Rb4 Kc5 43. Rb8 Nb5 44. Rc8+ Kb4 45. f3 Rc1 46. Rxc1 bxc1=Q 47. e4 Nd4 48. Bf2 Ne2 49. g3 Qf1 0-1

[Event "Moscow-chW 2019"]
[Site "Moscow"]
[Date "2019.03.30"]
[Round "1.21"]
[White "Davydova, Kira"]
[Black "Petrova, Elizaveta"]
[Result "1-0"]
[ECO "A00"]
[WhiteElo "1901"]
[BlackElo "1570"]
[Annotator "NA RC"]
[PlyCount "165"]
[EventDate "2019.03.30"]
[EventType "swiss"]
[EventCountry "RUS"]
[SourceTitle "playchess.com"]
[Source "ChessBase"]
[SourceQuality "1"]
[TimeControl "5400+30"]

1. d4 Nf6 2. Nf3 e6 3. e3 Be7 4. Bd3 d5 5. Nbd2 O-O 6. b3 Nbd7 7. Bb2 c5 8. O-O b6 9. Ne5 Bb7 10. Qf3 Qc7 11. Qh3 cxd4 12. exd4 g6 13. Rac1 Ne4 14. Ndf3 Nxe5 15. Nxe5 Bf6 16. Ng4 Bg7 17. Qe3 Nd6 18. Qf4 Rac8 19. Nf6+ Bxf6 20. Qxf6 Ne8 21. Qh4 Ng7 22. Rfe1 Qd8 23. Qg4 Nf5 24. Re5 Qd7 25. Rce1 Rfe8 26. Qe2 Ng7 27. Re3 Qd6 28. Rh3 Qf4 29. Rf3 Qd6 30. Qd2 a5 31. Rh3 Nh5 32. Qh6 Nf6 33. Rf3 Qe7 34. Bc1 Ne4 35. Rh3 f5 36. f3 Nd6 37. Rxe6 Qc7 38. Rxg6+ Kh8 39. Rxd6 Re1+ 40. Kf2 Rxc1 41. Qf6+ Qg7 42. Rd8+ Rxd8 43. Qxd8+ Qg8 44. Qxb6 Qg5 45. Be2 Rxc2 46. Qxb7 Rxe2+ 47. Kxe2 Qxg2+ 48. Ke3 f4+ 49. Kxf4 Qxh3 50. Qb8+ Kg7 51. Qe5+ Kg8 52. Qxd5+ Kg7 53. Qg5+ Kh8 54. Qd8+ Kg7 55. Qe7+ Kg8 56. Qg5+ Kh8 57. Qe5+ Kg8 58. Ke3 Qh6+ 59. Kd3 Qa6+ 60. Kd2 Qh6+ 61. Ke2 Qa6+ 62. Kf2 Qa7 63. Qc5 Qb8 64. Qd5+ Kf8 65. Qf5+ Kg8 66. Qe6+ Kf8 67. Qf6+ Kg8 68. Qg5+ Kf8 69. Kg2 a4 70. b4 Qe8 71. Qf5+ Kg8 72. Qe4 Qf7 73. d5 Qc7 74. Qe6+ Kf8 75. d6 Qc2+ 76. Kg3 h5 77. h4 a3 78. d7 Qc7+ 79. Kh3 Kg7 80. Qe7+ Kg6 81. d8=Q Qc1 82. Qdd6+ Kf5 83. Qe4# 1-0

[Event "Moscow-chW 2019"]
[Site "Moscow"]
[Date "2019.03.30"]
[Round "1.22"]
[White "Zaytseva, Dariya"]
[Black "Zakharova, Evgenia"]
[Result "0-1"]
[ECO "A00"]
[WhiteElo "1350"]
[BlackElo "1892"]
[Annotator "NA RC"]
[PlyCount "114"]
[EventDate "2019.03.30"]
[EventType "swiss"]
[EventCountry "RUS"]
[SourceTitle "playchess.com"]
[Source "ChessBase"]
[SourceQuality "1"]
[TimeControl "5400+30"]

1. d4 d5 2. c4 dxc4 3. e4 e5 4. Nf3 exd4 5. Bxc4 Bb4+ 6. Nbd2 Nc6 7. a3 Be7 8. Nb3 d3 9. Qxd3 Qxd3 10. Bxd3 Bg4 11. Be2 Nf6 12. Nbd2 h6 13. b4 O-O 14. Bb2 Rfe8 15. h3 Bh5 16. O-O Rad8 17. Rfd1 Bf8 18. Bxf6 gxf6 19. Rac1 Bd6 20. g4 Bg6 21. Rc4 Bf4 22. b5 Ne5 23. Nxe5 Rxe5 24. Nf3 Rxd1+ 25. Bxd1 Rxb5 26. Kg2 Rb2 27. Rc2 Rb1 28. Be2 Bxe4 29. Rc4 Bxf3+ 30. Bxf3 Bd6 31. a4 c6 32. Rd4 Be7 33. Rd7 Kf8 34. Rd4 Rb4 35. Rxb4 Bxb4 36. Be2 Ke7 37. Kf3 a6 38. Ke4 b5 39. axb5 axb5 40. f4 Bd2 41. f5 Kd6 42. Bd3 Kc5 43. Bb1 Kb4 44. Ba2 c5 45. Kd3 Be1 46. Kc2 c4 47. Kb2 Bc3+ 48. Kc2 Be5 49. Kc1 Kc3 50. Bb1 Bf4+ 51. Kd1 Kb2 52. Bc2 b4 53. Be4 c3 54. Bd3 b3 55. Be4 c2+ 56. Bxc2 bxc2+ 57. Ke2 c1=Q 0-1

[Event "Moscow-chW 2019"]
[Site "Moscow"]
[Date "2019.03.31"]
[Round "2.12"]
[White "Dorofeeva, Nyurguiaana"]
[Black "Putinceva, Marina"]
[Result "1-0"]
[ECO "A00"]
[WhiteElo "1879"]
[BlackElo "1519"]
[Annotator "NA RC"]
[PlyCount "167"]
[EventDate "2019.03.30"]
[EventType "swiss"]
[EventCountry "RUS"]
[SourceTitle "playchess.com"]
[Source "ChessBase"]
[SourceQuality "1"]
[TimeControl "5400+30"]

1. Nf3 Nf6 2. d4 e6 3. Bf4 c5 4. e3 b6 5. c3 Be7 6. Nbd2 Nh5 7. Bg3 Nc6 8. Bd3 g6 9. Ne4 Nxg3 10. hxg3 d5 11. Ned2 cxd4 12. exd4 Bf6 13. Qe2 Qd6 14. Nf1 Bb7 15. Ne3 Bg7 16. g4 h6 17. g5 hxg5 18. Rxh8+ Bxh8 19. Nxg5 Bf6 20. Qg4 Qe7 21. Nh7 Bg7 22. O-O-O O-O-O 23. Rh1 Kb8 24. Ng5 Rh8 25. Rxh8+ Bxh8 26. Qf4+ Ka8 27. Nxf7 Bf6 28. Bxg6 a5 29. Qd6 Qe8 30. Ng4 Be7 31. Qh2 Ka7 32. Qh8 Qd7 33. Nfe5 Nxe5 34. Nxe5 Bg5+ 35. Kb1 Qa4 36. Qh5 Bf4 37. Bc2 Qb5 38. Nd3 Bd2 39. a4 Qd7 40. Qe2 Bh6 41. g4 Ba6 42. Qe5 Qf7 43. g5 Bg7 44. Qe3 Bc4 45. b3 Ba6 46. f4 Bc8 47. Ne5 Qh5 48. Nc6+ Ka8 49. Ne7 Bd7 50. Ng6 Qh1+ 51. Kb2 Qf1 52. Qd3 Qxd3 53. Bxd3 Be8 54. Ne5 Bh5 55. f5 exf5 56. Bxf5 Kb7 57. Be6 Kc7 58. Bxd5 Kd6 59. Bf3 Be8 60. Nc4+ Kc7 61. Ne3 Kd6 62. Nf5+ Kc7 63. Nxg7 Bd7 64. Be4 Kd6 65. Nf5+ Ke6 66. Ne3 Be8 67. c4 Bh5 68. Kc3 Be8 69. Ng4 Bh5 70. d5+ Kd7 71. Nf6+ Kd6 72. Nxh5 b5 73. cxb5 Ke5 74. g6 Kd6 75. g7 Kc5 76. g8=Q Kd6 77. Qe6+ Kc7 78. Qc6+ Kd8 79. Qb7 Ke8 80. Bg6+ Kd8 81. Qf7 Kc8 82. b6 Kb8 83. Qc7+ Ka8 84. Qa7# 1-0

[Event "Moscow-chW 2019"]
[Site "Moscow"]
[Date "2019.03.31"]
[Round "2.14"]
[White "Danilova, Rada"]
[Black "Khachatryan, Nadezhda"]
[Result "1-0"]
[ECO "A00"]
[WhiteElo "1930"]
[BlackElo "1738"]
[Annotator "NA RC"]
[PlyCount "125"]
[EventDate "2019.03.30"]
[EventType "swiss"]
[EventCountry "RUS"]
[SourceTitle "playchess.com"]
[Source "ChessBase"]
[SourceQuality "1"]
[TimeControl "5400+30"]

1. d4 d5 2. c4 dxc4 3. Nf3 Nf6 4. e3 e6 5. Bxc4 c5 6. O-O a6 7. a4 Nc6 8. Nc3 Qc7 9. Qe2 Bd6 10. Rd1 O-O 11. h3 b6 12. dxc5 bxc5 13. e4 Ne5 14. Ba2 Bb7 15. Bg5 Nfd7 16. Rac1 Nxf3+ 17. Qxf3 Ne5 18. Qe2 Nc6 19. Be3 Nb4 20. Bc4 Rac8 21. Qg4 Kh8 22. Qh4 Rce8 23. f4 Qc6 24. Qf2 f5 25. Rxd6 Qxd6 26. Bxc5 Qc6 27. b3 fxe4 28. Bxb4 e3 29. Qg3 Rxf4 30. Ba3 Rf2 31. Bf1 Qb6 32. Ne2 Qxb3 33. Bc5 Qb2 34. Qxe3 Rf7 35. Bd4 Qa2 36. Qe5 Qa3 37. Ra1 Qf8 38. Bc5 Qg8 39. Nf4 Rf5 40. Qc7 Ba8 41. Be3 e5 42. Ne2 Qd5 43. Qc2 Ref8 44. Ng3 R5f6 45. Rd1 Qb7 46. Rb1 Qf7 47. Bc4 Qc7 48. Bd3 Rc6 49. Qe2 Re6 50. Rc1 Qd7 51. Bf5 Rxf5 52. Nxf5 Re8 53. Qg4 Rf8 54. Rd1 Qb7 55. Nh4 Qb3 56. Bc5 Re8 57. Rd7 Qb1+ 58. Kh2 Rg8 59. Bf8 g6 60. Be7 Rb8 61. Bf6+ Kg8 62. Qe6+ Kf8 63. Qf7# 1-0

[Event "Moscow-chW 2019"]
[Site "Moscow"]
[Date "2019.03.31"]
[Round "2.15"]
[White "Krupnova, Anna"]
[Black "Ilyina, Lada"]
[Result "0-1"]
[ECO "A00"]
[WhiteElo "1729"]
[BlackElo "1877"]
[Annotator "NA RC"]
[PlyCount "102"]
[EventDate "2019.03.30"]
[EventType "swiss"]
[EventCountry "RUS"]
[SourceTitle "playchess.com"]
[Source "ChessBase"]
[SourceQuality "1"]
[TimeControl "5400+30"]

1. d4 Nf6 2. c4 g6 3. Nc3 Bg7 4. e4 O-O 5. Bd3 d6 6. Nge2 Nc6 7. O-O e5 8. d5 Ne7 9. f3 Nd7 10. Be3 f5 11. exf5 gxf5 12. f4 e4 13. Bc2 Nf6 14. Bd4 c5 15. Bf2 Ng4 16. h3 Nxf2 17. Rxf2 Ng6 18. Qd2 Bd7 19. Raf1 Qb6 20. Nd1 Bd4 21. Ne3 Qxb2 22. Ng3 Qxa2 23. Rb1 b6 24. Ngf1 Ba4 25. Bxa4 Qxb1 26. Bd7 Kh8 27. Kh2 Ne7 28. Qe2 Qb3 29. g4 fxg4 30. hxg4 Ng6 31. Bf5 Nh4 32. Qa2 Qxa2 33. Rxa2 Bxe3 34. Nxe3 Nxf5 35. Nxf5 Rxf5 36. gxf5 Kg7 37. Kg3 Kf6 38. Rh2 Kxf5 39. Rh5+ Kg6 40. Kg4 e3 41. f5+ Kg7 42. Kf3 Re8 43. Ke2 a6 44. Rg5+ Kf6 45. Rh5 b5 46. Rxh7 bxc4 47. Ra7 Kxf5 48. Rxa6 c3 49. Ra3 Ke4 50. Rxc3 Kxd5 51. Rd3+ Kc6 0-1

[Event "Moscow-chW 2019"]
[Site "Moscow"]
[Date "2019.03.31"]
[Round "2.16"]
[White "Ivanova, Anastasia S."]
[Black "Shevtsova, Stefania"]
[Result "1-0"]
[ECO "A00"]
[WhiteElo "1860"]
[BlackElo "1684"]
[Annotator "NA RC"]
[PlyCount "119"]
[EventDate "2019.03.30"]
[EventType "swiss"]
[EventCountry "RUS"]
[SourceTitle "playchess.com"]
[Source "ChessBase"]
[SourceQuality "1"]
[TimeControl "5400+30"]

1. d4 d5 2. c4 c6 3. Nc3 Nf6 4. Nf3 a6 5. e3 b5 6. b3 Bg4 7. h3 Bh5 8. Be2 e6 9. O-O Be7 10. Bb2 Nbd7 11. Ne5 Bxe2 12. Nxe2 Nxe5 13. dxe5 Nd7 14. Nd4 Rc8 15. cxd5 cxd5 16. f4 O-O 17. Qg4 Qb6 18. Rf3 Rfe8 19. Rg3 Bf8 20. Qe2 Rc7 21. Rf3 Rec8 22. Rff1 Bc5 23. Qd2 Nb8 24. b4 Bf8 25. a3 Nd7 26. Rac1 Qa7 27. Nb3 Be7 28. Bd4 Qb8 29. Rxc7 Rxc7 30. Rc1 Qc8 31. Kf2 Rxc1 32. Qxc1 Qc4 33. Qxc4 dxc4 34. Na5 Bd8 35. Nc6 Bb6 36. Bxb6 Nxb6 37. Nb8 Nd5 38. Nxa6 c3 39. Nc5 c2 40. Nb3 Nb6 41. Ke2 Nc4 42. Kd3 Nxa3 43. e4 Kf8 44. g3 Ke7 45. Kd2 f6 46. exf6+ Kxf6 47. Nd4 e5 48. Nxc2 Nxc2 49. Kxc2 g5 50. fxe5+ Kxe5 51. Kd3 h5 52. Ke3 Ke6 53. Kd4 Kd6 54. e5+ Ke6 55. Ke4 g4 56. h4 Ke7 57. Kf5 Kf7 58. Kg5 Ke6 59. Kxh5 Kxe5 60. Kg5 1-0

[Event "Moscow-chW 2019"]
[Site "Moscow"]
[Date "2019.03.31"]
[Round "2.17"]
[White "Gaer, Margarita"]
[Black "Khachatryan, Marieta"]
[Result "1-0"]
[ECO "A00"]
[WhiteElo "1627"]
[BlackElo "1856"]
[Annotator "NA RC"]
[PlyCount "139"]
[EventDate "2019.03.30"]
[EventType "swiss"]
[EventCountry "RUS"]
[SourceTitle "playchess.com"]
[Source "ChessBase"]
[SourceQuality "1"]
[TimeControl "5400+30"]

1. d4 d5 2. Nf3 Nf6 3. Bf4 c5 4. e3 Nc6 5. c3 Qb6 6. Qb3 c4 7. Qxb6 axb6 8. Na3 Bf5 9. Nb5 Ra5 10. Nc7+ Kd7 11. Ng5 Bg6 12. a4 h6 13. Nf3 Bc2 14. Ne5+ Nxe5 15. dxe5 Ne4 16. Nxd5 Rxd5 17. Bxc4 Ra5 18. Bxf7 g5 19. b4 Rxa4 20. Rxa4 Bxa4 21. e6+ Kc8 22. Be5 Nf6 23. O-O Bg7 24. Ra1 Rd8 25. Bd4 b5 26. c4 Ne8 27. Bxe8 Bxd4 28. Bd7+ Kc7 29. exd4 Bb3 30. cxb5 Kb6 31. f3 Rf8 32. Re1 Rf5 33. Kf2 Rd5 34. Ke3 Rd6 35. Kd3 Ba2 36. Kc3 Bd5 37. h3 Ba2 38. g3 Bd5 39. Re3 Ba2 40. f4 Rd5 41. fxg5 Rxg5 42. Rf3 Kc7 43. g4 h5 44. Rf5 Rxf5 45. gxf5 Bb1 46. h4 Bxf5 47. d5 b6 48. Kd4 Kd6 49. Be8 Bg4 50. Ke4 Be2 51. Kd4 Bg4 52. Bc6 Be2 53. Ke3 Bg4 54. Kf4 Bd1 55. Kg5 Be2 56. Kf4 Bd1 57. Kg5 Be2 58. Kf4 Bd1 59. Ke4 Bg4 60. Kf4 Bd1 61. Kg5 Be2 62. Be8 Kxd5 63. Bxh5 Bxb5 64. Bg4 Bd3 65. Bf5 Be2 66. h5 Bxh5 67. Kxh5 Kc4 68. Kg6 Kxb4 69. Kf7 Kc3 70. Kxe7 1-0

[Event "Moscow-chW 2019"]
[Site "Moscow"]
[Date "2019.03.31"]
[Round "2.18"]
[White "Zvereva, Margarita"]
[Black "Todua, Anastasia"]
[Result "0-1"]
[ECO "A00"]
[WhiteElo "1853"]
[BlackElo "1610"]
[Annotator "NA RC"]
[PlyCount "64"]
[EventDate "2019.03.30"]
[EventType "swiss"]
[EventCountry "RUS"]
[SourceTitle "playchess.com"]
[Source "ChessBase"]
[SourceQuality "1"]
[TimeControl "5400+30"]

1. e4 c5 2. Nf3 d6 3. d4 cxd4 4. Nxd4 Nf6 5. Nc3 e6 6. Be2 Be7 7. O-O O-O 8. Kh1 Nbd7 9. f4 Nc5 10. Bf3 e5 11. Nb3 Nxb3 12. axb3 Re8 13. f5 d5 14. Nxd5 Nxd5 15. exd5 Bxf5 16. d6 Qxd6 17. Qxd6 Bxd6 18. Bxb7 Rab8 19. Bd5 Be6 20. Bxe6 Rxe6 21. Rxa7 f6 22. Be3 Rf8 23. Rd1 f5 24. Rd7 f4 25. Ba7 Ref6 26. c4 e4 27. Bd4 Re6 28. c5 Be5 29. Bxe5 Rxe5 30. b4 e3 31. Ra7 h6 32. Rad7 Rg5 0-1

[Event "Moscow-chW 2019"]
[Site "Moscow"]
[Date "2019.03.31"]
[Round "2.19"]
[White "Komarova, Viktoria"]
[Black "Seregina, Maria"]
[Result "0-1"]
[ECO "A00"]
[WhiteElo "1567"]
[BlackElo "1853"]
[Annotator "NA RC"]
[PlyCount "78"]
[EventDate "2019.03.30"]
[EventType "swiss"]
[EventCountry "RUS"]
[SourceTitle "playchess.com"]
[Source "ChessBase"]
[SourceQuality "1"]
[TimeControl "5400+30"]

1. d4 g6 2. c4 Bg7 3. Nc3 c5 4. e3 cxd4 5. exd4 d6 6. h3 Nc6 7. Nf3 Qb6 8. Nd5 Qd8 9. Be3 Nh6 10. Bd3 Nf5 11. Bxf5 Bxf5 12. O-O O-O 13. Nc3 h6 14. Rc1 g5 15. g4 Bd7 16. d5 Na5 17. Bd4 f6 18. Qd3 e5 19. dxe6 Bxe6 20. b3 Nc6 21. Rce1 Qd7 22. Nh2 Nxd4 23. Qxd4 f5 24. Qd3 fxg4 25. hxg4 Bxg4 26. f4 Bh3 27. Rf3 g4 28. Rfe3 Bxc3 29. Re7 Qf5 30. Qxc3 Qc5+ 31. Kh1 Qc6+ 32. R1e4 Rf7 33. Nxg4 Rxe7 34. Nxh6+ Kh7 35. Qxh3 Qxe4+ 36. Kh2 Qxf4+ 37. Kg2 Re2+ 38. Kh1 Qc1+ 39. Qf1 Qxf1# 0-1

[Event "Moscow-chW 2019"]
[Site "Moscow"]
[Date "2019.03.31"]
[Round "2.20"]
[White "Zakharova, Anna"]
[Black "Eremina, Viktoria"]
[Result "1-0"]
[ECO "A00"]
[WhiteElo "1820"]
[BlackElo "1426"]
[Annotator "NA RC"]
[PlyCount "53"]
[EventDate "2019.03.30"]
[EventType "swiss"]
[EventCountry "RUS"]
[SourceTitle "playchess.com"]
[Source "ChessBase"]
[SourceQuality "1"]
[TimeControl "5400+30"]

1. e4 c6 2. d4 d5 3. Nd2 dxe4 4. Nxe4 Bf5 5. Ng3 Bg6 6. Bc4 Nf6 7. N1e2 e6 8. h4 h6 9. Nf4 Bh7 10. Qe2 Qd7 11. O-O Bd6 12. Ngh5 Nxh5 13. Nxh5 O-O 14. Bxh6 Bg6 15. Bg5 Be7 16. c3 Bxg5 17. hxg5 Qe7 18. Qg4 Nd7 19. Rfe1 Qd8 20. Nf4 Bf5 21. Qh4 Qc7 22. g3 Nb6 23. Bb3 Nd5 24. Nxd5 exd5 25. Kg2 Be4+ 26. Rxe4 dxe4 27. Rh1 1-0

[Event "Moscow-chW 2019"]
[Site "Moscow"]
[Date "2019.03.31"]
[Round "2.21"]
[White "Soblirova, Sabina"]
[Black "Sayafarova, Anna"]
[Result "0-1"]
[ECO "A00"]
[WhiteElo "1516"]
[BlackElo "1789"]
[Annotator "NA RC"]
[PlyCount "124"]
[EventDate "2019.03.30"]
[EventType "swiss"]
[EventCountry "RUS"]
[SourceTitle "playchess.com"]
[Source "ChessBase"]
[SourceQuality "1"]
[TimeControl "5400+30"]

1. d4 d5 2. c4 dxc4 3. e3 Nf6 4. Bxc4 e6 5. Nf3 Be7 6. O-O O-O 7. Qe2 c5 8. dxc5 Bxc5 9. Rd1 Qc7 10. b3 b6 11. Bb2 Nbd7 12. Nbd2 Bb7 13. Rac1 Rac8 14. Bd3 Qb8 15. Nc4 Rfd8 16. Nfe5 Be7 17. Nxd7 Nxd7 18. Qh5 g6 19. Qh3 Bf6 20. Bxf6 Nxf6 21. Qh4 Kg7 22. e4 Rd4 23. Bc2 Rcd8 24. Rxd4 Rxd4 25. f3 Ba6 26. Qf2 e5 27. Rd1 Rxd1+ 28. Bxd1 Bxc4 29. bxc4 Qd6 30. Bb3 Nd7 31. g3 Nc5 32. Bc2 Ne6 33. Kg2 Qb4 34. Bb3 Nd4 35. Qe3 h6 36. f4 f6 37. h4 a5 38. g4 a4 39. Bd1 Qxc4 40. g5 Qxa2+ 41. Kg3 hxg5 42. fxg5 f5 43. Qc3 f4+ 44. Kh3 Qe6+ 45. Kg2 Qd7 46. Qb4 b5 47. Qc5 Qe6 48. Qc7+ Kf8 49. Qb8+ Kf7 50. Qc7+ Qe7 51. Qb6 a3 52. Qa6 b4 53. Qc4+ Kg7 54. Qd5 Qc7 55. Kf2 b3 56. Bxb3 Nxb3 57. Qxb3 Qa7+ 58. Kg2 a2 59. Qe6 a1=Q 60. Qf6+ Kh7 61. h5 Q7g1+ 62. Kh3 Qg3# 0-1

[Event "Moscow-chW 2019"]
[Site "Moscow"]
[Date "2019.03.31"]
[Round "2.22"]
[White "Kruglikova, Viktorija"]
[Black "Zaytseva, Dariya"]
[Result "1-0"]
[ECO "A00"]
[WhiteElo "1786"]
[BlackElo "1350"]
[Annotator "NA RC"]
[PlyCount "97"]
[EventDate "2019.03.30"]
[EventType "swiss"]
[EventCountry "RUS"]
[SourceTitle "playchess.com"]
[Source "ChessBase"]
[SourceQuality "1"]
[TimeControl "5400+30"]

1. e4 e6 2. d4 d5 3. e5 c5 4. c3 Nc6 5. Nf3 Bd7 6. Bd3 Qc7 7. O-O Nge7 8. a3 Ng6 9. b4 b6 10. Be3 cxd4 11. cxd4 Be7 12. Nbd2 O-O 13. Rc1 Qb7 14. Nb3 Rac8 15. Qe2 Nb8 16. Ng5 h6 17. Nf3 Rc7 18. Qd2 Rfc8 19. h4 Bf8 20. g4 Ba4 21. Rxc7 Rxc7 22. Nc1 Qc8 23. g5 Bc2 24. gxh6 Bxd3 25. Nxd3 Rc2 26. Rc1 Rxc1+ 27. Nxc1 gxh6 28. Bxh6 Qd8 29. Bxf8 Qxf8 30. Qg5 Nd7 31. h5 Kh8 32. hxg6 fxg6 33. Nh4 Qg8 34. Nxg6+ Kh7 35. Qh5+ Kg7 36. Kf1 Nf8 37. Ne7 Qf7 38. Qxf7+ Kxf7 39. Nc8 a6 40. Nxb6 Ng6 41. Nd3 Ne7 42. Nc5 a5 43. b5 Ng6 44. Nc8 Ne7 45. Nxe7 Kxe7 46. b6 Kd8 47. Nxe6+ Kd7 48. Nc5+ Kc8 49. e6 1-0